 Dungeon Crawl Stone Soup version 0.29.1-13-g9f3cf754e1 (webtiles) character file.

Game seed: 5194335320774272985

4 theswoord the Firebug (level 2, -2/1 (26) HPs)
             Began as a Meteoran Cinder Acolyte on Jan 27, 2023.
             Was an Elder of Ignis.
             Slain by a quokka (3 damage)
             ... on level 1 of the Dungeon on Jan 28, 2023.
             The game lasted 00:02:30 (1011 turns).

theswoord the Firebug (Meteoran Cinder Acolyte)     Turns: 1011, Time: 00:02:31

HP:   -2/1 (26)     AC:  2    Str: 15    XL:     2   Next: 0%
MP:   5/5           EV: 11    Int: 15    God:    Ignis [****..]
Gold: 16            SH:  0    Dex:  9    Spells: 4/4 levels left

rFire   + . .      SeeInvis .   a - -1 hand axe (flame)
rCold   . . .      Faith    .   (no shield)
rNeg    . . .      Spirit   .   b - +0 robe
rPois   .          Reflect  .   (no helmet)
rElec   .          Harm     .   (no cloak)
rCorr   .          Rampage  .   (no gloves)
Will    .....                   (no boots)
Stlth   +.........              (no amulet)
HPRegen 0.01/turn               (no ring)
MPRegen 0.09/turn               (no ring)

@: glowing, extremely drained
A: sense surroundings 1, otherworldly, glowing, explore regen
a: Renounce Religion, Fiery Armour, Foxfire Swarm, Rising Flame


You were on level 1 of the Dungeon.
You worshipped Ignis.
Ignis was greatly pleased with you.
You visited 1 branch of the dungeon, and saw 1 of its levels.

You collected 16 gold pieces.

Inventory:

Hand Weapons
 a - a -1 hand axe of flaming (weapon)
Armour
 b - a +0 robe (worn)
 c - a +0 pair of gloves


   Skills:
 + Level 3.3 Fighting
 + Level 3.7 Axes
 + Level 1.5 Spellcasting
 + Level 3.7 Fire Magic


You had 4 spell levels left.
You didn't know any spells.
Your spell library contained the following spells:

 Spells                   Type           Power      Damage    Failure   Level
 Scorch                   Fire           24%        2d6       8%          2


Dungeon Overview and Level Annotations

Branches:
Dungeon (1/15) Zot: 186! You are so drained that the power of Zot will kill you!

Altars:


Innate Abilities, Weirdness & Mutations

You passively map a small area around you.
You are easily found by Zot.
You glow in the dark.
You regain HP and MP as you explore.


Message History

You start waiting.
Done waiting.
You start waiting.
You have lingered too long.
Zot senses you.
Dive deeper or flee this branch before you suffer!
Really rest while Zot is near?
You start waiting.
Zot draws nearer.
Dive deeper or flee this branch before you suffer!
Zot has nearly found you.
Suffering is approaching.
Descend or flee this branch!
Zot's power touches on you...
You feel drained.
You start waiting.
You have lingered too long.
Zot senses you.
Dive deeper or flee this branch before you suffer!
Really rest while Zot is near?
Okay, then.
Really rest while Zot is near?
Okay, then.
Really rest while Zot is near? [Y]es or [N]o only, please.
Really rest while Zot is near?
Okay, then.
Really rest while Zot is near?
You start waiting.
Zot draws nearer.
Dive deeper or flee this branch before you suffer!
Really rest while Zot is near?
You start waiting.
Zot has nearly found you.
Suffering is approaching.
Descend or flee this branch!
Really rest while Zot is near?
You start waiting.
Zot's power touches on you...
You feel drained.
A quokka comes into view.
Found 9 gold pieces.
A quokka is nearby!
Unknown command.
A quokka is nearby!
A quokka is nearby!
The quokka completely misses you.
You barely miss the quokka. The quokka bites you.
Ouch! That really hurt!
You die...

, # ,, * # * **
# * # ## .## .
* #. ....#* , ,
..####. ♣.♣.###
** ,* # , .....
#....$ ♣ ** *
#.r#♣.♣.# ♣♣ *
#.###.(@....##
♣.
#.......♣.♣..#
♣P ,
..........#..#
#♣♣ ,
#####.##♣.♣..#
#.. * , #.
#....##### #.♣
#. ##.......#
#.. , * **# *
#..####.######.
, ,,*, ##.#
#........ , , ,
..# #########


You could see a quokka.

Vanquished Creatures
  A giant cockroach (D:1)
  A hobgoblin (D:1)
  A quokka (D:1)
  A frilled lizard (D:1)
4 creatures vanquished.

Vanquished Creatures (collateral kills)
  A foxfire (D:1)
1 creature vanquished.

Vanquished Creatures (others)
  17 foxfires (D:1)
17 creatures vanquished.

Grand Total: 22 creatures vanquished

Notes
Turn   | Place    | Note
-------+----------+-------------------------------------------
     0 | D:1      | theswoord the Meteoran Cinder Acolyte began the quest for
                  | the Orb.
     0 | D:1      | Reached XP level 1. HP: 19/19 MP: 3/3
   133 | D:1      | Reached XP level 2. HP: 24/26 MP: 3/5
   498 | D:1      | Glimpsed the power of Zot.
   548 | D:1      | Glimpsed the power of Zot.
   588 | D:1      | Glimpsed the power of Zot.
   598 | D:1      | Touched by the power of Zot.
   699 | D:1      | Glimpsed the power of Zot.
   749 | D:1      | Glimpsed the power of Zot.
   789 | D:1      | Glimpsed the power of Zot.
   798 | D:1      | Touched by the power of Zot.
   899 | D:1      | Glimpsed the power of Zot.
   949 | D:1      | Glimpsed the power of Zot.
   989 | D:1      | Glimpsed the power of Zot.
   998 | D:1      | Touched by the power of Zot.
  1011 | D:1      | Slain by a quokka

Action                   || total
-------------------------++-------
Melee: Hand axe          ||    10
Invok: Foxfire Swarm     ||     2
Armor: Robe              ||     2
Dodge: Dodged            ||     7

Levels and vault maps discovered:
D:1:      dpeg_arrival_connections, layout_loops_ring, serial_forest,
          infiniplex_forest_lined_2, infiniplex_forest_lined_corner,
          infiniplex_forest_3_way, infiniplex_forest_straight_3,
          infiniplex_forest_zigzag_1, infiniplex_forest_lined_corner,
          infiniplex_forest_straight_3, serial_shops, shop
